 Dungeon Crawl Stone Soup version 0.28-b1-70-g80dc712255 (webtiles) character file.

Game seed: 15840734649173456398

2776 vvl the Ruffian (level 9, -4/74 HPs)
             Began as a Red Draconian Transmuter on Feb 3, 2022.
             Was an Initiate of Makhleb.
             Slain by a spriggan (shapeshifter) (21 damage)
             ... on level 7 of the Dungeon.
             The game lasted 00:15:10 (6431 turns).

vvl the Ruffian (Red Draconian Transmuter)          Turns: 6431, Time: 00:15:13

Health: -4/74      AC: 12    Str: 18    XL:     9   Next: 42%
Magic:  15/15      EV: 17    Int: 13    God:    Makhleb [......]
Gold:   400        SH:  0    Dex: 11    Spells: 16/17 levels left

rFire   + . .      SeeInvis .   v - +4 quarterstaff (chaos)
rCold   . . .      Faith    .   (shield currently unavailable)
rNeg    . . .      Spirit   .   (armour unavailable)
rPois   .          Reflect  .   (helmet currently unavailable)
rElec   .          Harm     .   u - +0 cloak
rCorr   .          Rampage  .   (no gloves)
Will    .....                   (boots currently unavailable)
Stlth   +.........              (no amulet)
HPRegen 0.22/turn               t - +4 ring of protection
MPRegen 0.14/turn               b - +4 ring of evasion

@: short of breath, appendages
A: horns 2, talons 2, breathe fire, AC +7, unfitting armour, fire resistance 1,
cold-blooded
a: Breathe Fire, End Transformation, Renounce Religion


You were on level 7 of the Dungeon.
You worshipped Makhleb.
Makhleb was noncommittal.
You had temporarily grown beastly horns and talons.
You visited 2 branches of the dungeon, and saw 8 of its levels.

You collected 400 gold pieces.

Inventory:

Hand Weapons
 v - a +4 quarterstaff of chaos (weapon)
 x - a +2 whip of electrocution
 B - a +2 vampiric halberd
Armour
 u - a +0 cloak (worn)
Jewellery
 b - a +4 ring of evasion (right hand)
 d - a ring of fire
 g - a ring of resist corrosion
 i - a +6 ring of dexterity
 t - a +4 ring of protection (left hand)
Wands
 a - a wand of polymorph (7)
 j - a wand of iceblast (7)
 w - a wand of charming (4)
 G - a wand of paralysis (10)
Scrolls
 f - a scroll of enchant weapon {unknown}
 h - a scroll of fog {unknown}
 k - a scroll of torment {unknown}
 l - 2 scrolls of vulnerability {unknown}
 m - a scroll of immolation {unknown}
 n - 2 scrolls of magic mapping {unknown}
 o - a scroll of blinking {unknown}
 q - a scroll of noise {unknown}
 s - a scroll of enchant armour {unknown}
 y - 4 scrolls of teleportation {unknown}
 E - 3 scrolls of identify {unknown}
 F - a scroll of amnesia {unknown}
Potions
 c - 2 potions of heal wounds {unknown}
 e - 2 potions of curing
 p - 2 potions of lignification
 r - a potion of resistance {unknown}
 z - a potion of haste {unknown}
 A - 3 potions of might {unknown}
 C - a potion of flight {unknown}
 D - a potion of invisibility {unknown}


   Skills:
 + Level 5.1 Fighting
 + Level 4.3 Dodging
 + Level 5.3 Unarmed Combat
 + Level 4.5 Spellcasting
 + Level 4.5 Necromancy
 + Level 4.9 Transmutations
 + Level 4.0 Fire Magic
 - Level 2.1 Ice Magic
 + Level 4.1 Evocations


You had 16 spell levels left.
You knew the following spells:

 Your Spells              Type           Power      Damage    Failure   Level
a - Beastly Appendage     Tmut           30%        N/A       2%          1

Your spell library contained the following spells:

 Spells                   Type           Power      Damage    Failure   Level
 Pain                     Necr           56%        1d6       3%          1
 Wereblood                Tmut           15%        N/A       3%          2
 Spider Form              Tmut/Pois      9%         N/A       22%         3
 Blink                    Tloc           4%         N/A       30%         2
 Ice Form                 Ice/Tmut       12%        N/A       41%         4
 Gell's Gravitas          Tloc           2%         N/A       52%         3
 Lesser Beckoning         Tloc           2%         N/A       52%         3
 Teleport Other           Tloc           2%         N/A       52%         3
 Blade Hands              Tmut           7%         N/A       56%         5
 Agony                    Necr           14%        N/A       63%         5
 Excruciating Wounds      Necr           7%         N/A       63%         5
 Manifold Assault         Tloc           2%         N/A       99%         5
 Dispersal                Tloc           1%         N/A       100%        6
 Iron Shot                Conj/Erth      1%         9d1       100%        6
 Animate Armour           Summ/Erth      Unusable   N/A       N/A         4

Dungeon Overview and Level Annotations

Branches:
Dungeon (7/15)             Temple (1/1) D:6

Altars:
Ashenzari
Cheibriados
Dithmenos
Elyvilon
Fedhas
Gozag
Kikubaaqudgha
Makhleb
Nemelex Xobeh
Okawaru
Ru
Sif Muna
Trog
Uskayaw
Vehumet
Xom
Yredelemnul
The Shining One


Innate Abilities, Weirdness & Mutations

You have temporarily grown beastly horns and talons.
You can breathe blasts of fire.
Your fiery red scales are hard. (AC +7)
You cannot fit into any form of body armour.
Your flesh is heat resistant. (rF+)
You are cold-blooded and may be slowed by cold attacks.


Message History

The gnoll sergeant blocks your attack.
You tail-slap the gnoll sergeant.
The gnoll sergeant is heavily wounded.
The gnoll closely misses you. The gnoll sergeant closely misses you.
The gnoll hits you from afar with a +0 halberd.
You hit the gnoll sergeant but do no damage.
Your headbutt misses the gnoll sergeant.
You tail-slap the gnoll sergeant, but do no damage.
The gnoll sergeant is heavily wounded.
The gnoll sergeant hits you with a +0 spear!
The gnoll misses you. The gnoll sergeant closely misses you.
The gnoll hits you but does no damage.
You sock the gnoll sergeant!
The gnoll sergeant changes into a shapeshifter!
Your kick misses the shapeshifter. Your headbutt misses the shapeshifter.
The shapeshifter is almost dead.
The shapeshifter changes into a spriggan!
The gnoll hits you from afar with a +0 halberd!
The gnoll barely misses you.
Unknown command.
You sock the spriggan!
The spriggan goes berserk!
Your kick misses the spriggan.
The spriggan is heavily wounded.
The gnoll closely misses you.
The spriggan picks up a +0 spear.
The spriggan wields a +0 spear.
The gnoll hits you but does no damage. The gnoll completely misses you.
You miss the spriggan. Your kick misses the spriggan.
Your headbutt misses the spriggan.
The spriggan is heavily wounded.
The spriggan completely misses you.
The gnoll hits you from afar with a +0 spear.
The spriggan hits you with a +0 spear!
* * * LOW HITPOINT WARNING * * *
The gnoll closely misses you. The gnoll barely misses you.
Aiming: Paralyse
Press: ? - help, Shift-Dir - straight line, f - spriggan
Aim: a spriggan shaped shifter, wielding a +0 spear (heavily wounded, berserk, chance to affect: 25%)
The spriggan resists with almost no effort.
The spriggan hits you but does no damage.
The gnoll misses you. x2; The spriggan hits you with a +0 spear!!
You die...

.#..# ##.#..###....###
##..####.....# #......#
#....##......####.....#
.........##..........##
..........#..........#
..##......)....#....##
..#..................#
..###.......<.###...##
..###...g......#@...#
.....g.[....gggi..###
....(#.<...#..g..##
.....#....##...###
.......)......##
..........##...#
..#.......##...#
.##...##.##...###
....##........#.#


You could see a spriggan shaped shifter (berserk) and 4 gnolls.

Vanquished Creatures
  Pikel (D:4)
  Sigmund (D:3)
  6 yaks (D:6)
  2 necrophages
  A lemure (D:4)
  3 scorpions
  A water moccasin zombie (D:5)
  A howler monkey (D:5)
  A centaur zombie (D:7)
  A bullfrog zombie (D:7)
  3 orc priests (D:5)
  4 hounds
  A centaur skeleton (D:7)
  2 gnoll shamans
  5 iguanas
  Ijyb (D:3)
  3 orc wizards
  A howler monkey zombie (D:6)
  6 gnolls
  5 adders
  3 shadow imps
  3 white imps
  An ufetubus (D:5)
  3 dart slugs
  2 worms
  7 orcs
  4 endoplasms
  2 giant cockroaches (D:2)
  7 goblins
  6 hobgoblins
  5 ball pythons
  4 bats
  A frilled lizard (D:1)
  2 kobolds (D:4)
  5 rats
104 creatures vanquished.

Vanquished Creatures (collateral kills)
  A hound zombie (D:5)
  A gnoll (D:5)
2 creatures vanquished.

Vanquished Creatures (others)
  A black bear (D:5)
1 creature vanquished.

Grand Total: 107 creatures vanquished

Notes
Turn   | Place    | Note
-------+----------+-------------------------------------------
     0 | D:1      | vvl the Draconian Transmuter began the quest for the Orb.
     0 | D:1      | Reached XP level 1. HP: 16/16 MP: 3/3
   220 | D:1      | Reached XP level 2. HP: 22/23 MP: 5/5
   922 | D:2      | Found a bloodstained altar of Trog.
  1290 | D:2      | Reached skill level 1 in Ice Magic
  1330 | D:2      | Reached XP level 3. HP: 24/28 MP: 6/6
  1378 | D:2      | Found a faded altar of an unknown god.
  2140 | D:3      | Noticed Ijyb
  2169 | D:3      | Killed Ijyb
  2170 | D:3      | Reached skill level 1 in Evocations
  2170 | D:3      | Reached XP level 4. HP: 36/36 MP: 7/7
  2342 | D:3      | Noticed Sigmund
  2346 | D:3      | Killed Sigmund
  2347 | D:3      | Reached skill level 1 in Necromancy
  2347 | D:3      | Reached XP level 5. HP: 42/42 MP: 7/9
  2626 | D:3      | Found a runed translucent door.
  2627 | D:3      | Noticed Crazy Yiuf
  2673 | D:3      | Found an iron altar of Okawaru.
  2682 | D:3      | Found a sacrificial altar of Ru.
  2740 | D:3      | Noticed Crazy Yiuf
  2740 | D:3      | Crazy Yiuf changed into Crazy Yiuf the hound
  2753 | D:3      | Killed Crazy Yiuf the hound
  2754 | D:3      | Reached XP level 6. HP: 45/49 MP: 10/10
  2820 | D:4      | Noticed Pikel
  2853 | D:4      | Killed Pikel
  2854 | D:4      | Your scales start taking on a fiery red colour.
  2854 | D:4      | Reached XP level 7. HP: 45/57 MP: 11/11
  2854 | D:4      | Gained mutation: Your flesh is heat resistant. (rF+) [Red
                  | Draconian growth]
  3567 | D:5      | Entered Level 5 of the Dungeon
  3898 | D:4      | Reached skill level 1 in Fire Magic
  3964 | D:5      | Found a broken altar of Ashenzari.
  3988 | D:5      | Reached XP level 8. HP: 12/63 MP: 13/13
  5138 | D:6      | Reached skill level 5 in Unarmed Combat
  5138 | D:6      | Reached XP level 9. HP: 53/72 MP: 15/15
  5156 | D:6      | Reached skill level 5 in Fighting
  5764 | D:6      | Found a staircase to the Ecumenical Temple.
  5778 | Temple   | Entered the Ecumenical Temple
  5929 | Temple   | Became a worshipper of Makhleb the Destroyer
  6431 | D:7      | Slain by a spriggan (shapeshifter)

Illustrated notes

Levels and vault maps discovered:
D:1:      dpeg_arrival_stone_temple_mockup, layout_basic, minmay_strange_pillars
D:2:      layout_loops_ring, hellmonk_ecumenical_altar_crossroads, basic_altar
D:3:      layout_loops_ring, mainiacjoe_overflow_swirl, uniq_sigmund, uniq_ijyb,
          uniq_crazy_yiuf_cottage
D:4:      layout_gridville, uniq_pikel
D:5:      layout_cave_pools, mainiacjoe_overflow_paths
D:6:      layout_basic, temple_hall, st_stairs_12
D:7:      layout_cave_pools, kennysheep_generic_room_5
Temple:   jpeg_temple_clearing

Skill      XL: |  1  2  3  4  5  6  7  8  9 |
---------------+----------------------------+-----
Dodging        | 2 3 4 |  4.3
Ice Magic      | 1 2 |  2.1
Evocations     | 1 2 3 4 |  4.1
Fighting       | 2 3 4 5 |  5.1
Necromancy     | 1 3 4 |  4.5
Unarmed Combat | 4 5 |  5.3
Spellcasting   | 3 4 |  4.5
Transmutations | 3 4 |  4.9
Fire Magic     | 1 3 4 |  4.0

Action                   |  1- 3 |  4- 6 |  7- 9 || total
-------------------------+-------+-------+-------++-------
Melee: Unarmed           |   104 |    23 |       ||   127
       Tailslap          |    13 |     6 |    34 ||    53
       Headbutt          |     5 |     1 |    22 ||    28
       Kick              |     3 |     8 |    26 ||    37
       Punch             |     2 |       |       ||     2
       Quarterstaff      |       |    12 |   190 ||   202
 Cast: Beastly Appendage |     4 |     5 |    22 ||    31
 Abil: Breathe Fire      |       |       |     8 ||     8
Evoke: Wand              |       |     3 |     7 ||    10
  Use: Potion            |     3 |       |     2 ||     5
Armor: Skin              |    17 |    12 |   109 ||   138
Dodge: Dodged            |    59 |    33 |   242 ||   334
